Map: Mech Depot LE

Players

Snute - Winner!

  • Race: Zerg Zerg
  • Spawn Location: 7:00

FishTaco

  • Race: Zerg Zerg
  • Spawn Location: 1:00

Event: WCS Montreal 2017

VOD

Have the link to the VOD?

Description

Time

  • Played on: Sept. 8, 2017, 11:32 a.m.
  • Length: 4:15

All games in this series

Show
View Real Time Build Order
Export as new Build Order

Snute Zerg - Winner!

Build Orders: Pool First 

Get SALT Encoding   

  12  0:00  Drone  
  13  0:12  Overlord  
  13  0:17  Drone  
  14  0:30  Drone x2  
  14  0:34  Drone  
  17  0:36  Extractor  
  16  0:44  Drone  
  17  0:50  Spawning Pool  
  17  0:55  Drone  
  17  1:06  Drone  
  18  1:20  Hatchery  
  17  1:36  Queen  
  17  1:38  Metabolic Boost  
  19  1:41  Zergling x2  
  19  1:45  Zergling x2  
  21  1:50  Overlord  
  21  1:54  Zergling x2  
  22  2:09  Zergling x2  
  22  2:12  Queen  
  25  2:16  Zergling x2  
  26  2:24  Zergling x2  
  27  2:31  Queen  
  27  2:34  Spine Crawler, Zergling x2  
  29  2:37  Zergling x2  
  30  2:48  Zergling x8  
  34  2:57  Zergling x4  
  35  3:04  Zergling x2  
  35  3:08  Zergling x2  
  35  3:14  Queen  
  35  3:16  Zergling x4  
  34  3:22  Zergling x4  
  35  3:29  Zergling x2  
  35  3:34  Overlord  
  35  3:35  Zergling x2  
  35  3:46  Overlord  
  35  3:48  Zergling x2  
  35  3:54  Zergling x4  
  38  3:58  Zergling x4  
Show
View Real Time Build Order
Export as new Build Order

FishTaco Zerg 

Build Orders: Pool Only 

Get SALT Encoding   

  12  0:01  Drone  
  13  0:13  Extractor  
  12  0:24  Spawning Pool  
  11  0:29  Drone  
  12  0:37  Drone  
  12  0:38  Drone  
  14  0:49  Overlord  
  14  1:11  Queen  
  14  1:14  Zergling x2  
  17  1:18  Metabolic Boost  
  17  1:23  Zergling x2  
  18  1:26  Zergling x2  
  18  1:31  Zergling x2  
  20  1:36  Zergling x2  
  21  1:49  Baneling Nest, Zergling x2  
  21  1:58  Zergling x2  
  22  2:09  Overlord  
  22  2:12  Extractor  
  22  2:30  Zergling x4  
  22  2:31  Zergling x2  
  25  2:38  Zergling x2  
  25  2:41  Baneling x5  
  26  2:49  Zergling x2  
  26  3:08  Zergling x4  
  26  3:09  Zergling x2  
  23  3:22  Zergling x4  
  20  3:35  Zergling x2  
  19  3:45  Zergling x2  
  19  3:54  Zergling x6  
Tags
 
Add a new tag
Caveats
  • Supply blocks, unpowered buildings, or Contaminate may cause inaccurate times.
  • Supply counts are checked every 10 seconds.